 Dungeon Crawl Stone Soup version 0.24-a0-201-gf205589 (webtiles) character file.

Game seed: 12416530396076293001

168 Borgoz the Covered (level 5, -1/49 HPs)
             Began as a Deep Dwarf Fighter on Mar 24, 2019.
             Splashed by a jelly's acid (10 damage)
             ... on level 2 of the Dungeon.
             The game lasted 00:03:00 (1612 turns).

Borgoz the Covered (Deep Dwarf Fighter)             Turns: 1612, Time: 00:03:01

Health: -1/49      AC:  3    Str: 19    XL:     5   Next: 23%
Magic:  5/6        EV:  8    Int: 10    God:
Gold:   170        SH:  9    Dex: 12    Spells: 4/4 levels left

rFire    . . .     SeeInvis .   a - +0 rapier
rCold    . . .     Gourm    .   c - +0 shield
rNeg     . . .     Faith    .   b - +0 scale mail
rPois    .         Spirit   .   (no helmet)
rElec    .         Reflect  .   (no cloak)
rCorr    .         Harm     .   (no gloves)
MR       .....                  (no boots)
Stlth    ..........             i - amulet of rage
HPRegen  0.00/turn              (no ring)
MPRegen  0.10/turn              (no ring)

@: corroded, non-regenerating
A: damage resistance, heal wounds, sense surroundings 1, no regeneration
a: Heal Wounds, Evoke Berserk Rage


You were on level 2 of the Dungeon.
You were hungry.

You visited 1 branch of the dungeon, and saw 2 of its levels.

You collected 170 gold pieces.

Inventory:

Hand Weapons
 a - a +0 rapier (weapon)
Armour
 b - a +0 scale mail (worn)
 c - a +0 shield (worn)
Jewellery
 i - an amulet of rage (around neck)
 k - an uncursed ring of stealth {unknown}
Potions
 d - a potion of might
 e - a potion of brilliance {unknown}
 g - a potion of magic {unknown}
 j - a potion of mutation {unknown}
Comestibles
 f - 2 rations
 h - 2 chunks of flesh


   Skills:
 + Level 3.1 Fighting
 * Level 2.9 Short Blades
 * Level 4.2 Armour
 * Level 2.5 Dodging
 + Level 3.7 Shields
 + Level 1.3 Evocations


You had 4 spell levels left.
You didn't know any spells.
Your spell library was empty.

Dungeon Overview and Level Annotations

Branches:
Dungeon (2/15)

Altars:
Dithmenos
Kikubaaqudgha


Innate Abilities, Weirdness & Mutations

You are resistant to damage.
You can heal yourself by infusing magical energy.
You passively map a small area around you.
You do not regenerate.


Message History

* * * LOW HITPOINT WARNING * * *
The jelly is severely wounded.
The jelly barely misses you.
Your shield prevents you from hitting the jelly.
The jelly is severely wounded.
The jelly barely misses you.
You hit the jelly but do no damage.
Your hands burn!
* * * LOW HITPOINT WARNING * * *
The jelly is severely wounded.
The jelly barely misses you.
Your shield and scale mail prevent you from hitting the jelly.
The jelly is severely wounded.
The ooze quivers.
The jelly hits you but does no damage.
You hit the jelly but do no damage.
Your hands burn!
The jelly is severely wounded.
The jelly hits you.
* * * LOW HITPOINT WARNING * * *
You are splashed with acid!
You die...

# #......# ##.....####.♣..P♣..
#......####.......# ..♣..♣♣.. *
#........##.......##..♣♣.P♣..
#......#.##.......##.#♣♣.♣♣..
#........##.......##.##......
########....###....#### #........
............# #....'..###.#......
....###.....# ########(# .#......
....# #.....# ##@.)..(###........
....###)....# #J####### ###.#####
............##.J...P... ........
)...........##...J.JJ÷.*###...##.
......##....##...J.P... #.#....
..P♣PP......##..÷J.J÷.. #...###
...PP.#.....##÷÷.PJ...÷ #......
.....##.....##...P...÷) #..###.
..#####.....########### #.## #.


You could see a jelly and an ooze.

Vanquished Creatures
  A howler monkey (D:2)
  A jelly (D:2)
  3 adders (D:2)
  5 oozes (D:2)
  A worm (D:2)
  A leopard gecko (D:1)
  2 ball pythons
  4 bats (D:2)
  A giant cockroach (D:2)
  4 goblins
  5 hobgoblins
  2 jackals (D:2)
  12 kobolds
  2 quokkas (D:2)
  2 rats (D:1)
46 creatures vanquished.

Vanquished Creatures (others)
  3 fungi (D:2)
  7 toadstools (D:2)
10 creatures vanquished.

Grand Total: 56 creatures vanquished

Notes
Turn   | Place    | Note
-------+----------+-------------------------------------------
     0 | D:1      | Borgoz the Deep Dwarf Fighter began the quest for the Orb.
     0 | D:1      | Reached XP level 1. HP: 20/20 MP: 1/1
   503 | D:1      | Reached XP level 2. HP: 24/27 MP: 2/2
  1074 | D:2      | Reached skill level 1 in Dodging
  1085 | D:2      | Reached XP level 3. HP: 23/33 MP: 3/3
  1246 | D:2      | Found an ancient bone altar of Kikubaaqudgha.
  1246 | D:2      | Found a shadowy altar of Dithmenos.
  1358 | D:2      | Reached skill level 4 in Armour
  1358 | D:2      | Reached XP level 4. HP: 5/42 MP: 4/4
  1573 | D:2      | Reached skill level 1 in Evocations
  1603 | D:2      | Reached XP level 5. HP: 16/49 MP: 4/6
  1612 | D:2      | Splashed by a jelly's acid

Levels and vault maps discovered:
D:1:      dpeg_arrival_circle_labyrinth_c, layout_loops_corners
D:2:      cheibrodos_fertilizer, layout_rooms, nicolae_overflow_hidden_temple,
          serial_forest, infiniplex_forest_zigzag_2,
          infiniplex_forest_lined_room_3, infiniplex_forest_clump_tiny,
          infiniplex_forest_lined_2, infiniplex_forest_clump_diagonal,
          infiniplex_forest_straight_4, infiniplex_forest_clump_curved

Skill      XL: |  1  2  3  4 |
---------------+-------------+-----
Short Blades   | 2 |  2.9
Dodging        | 1 2 |  2.5
Fighting       | 3 |  3.1
Armour         | 4 |  4.2
Evocations     | 1 |  1.3
Shields        | |  3.7

Action                   |  1- 3 |  4- 6 || total
-------------------------+-------+-------++-------
Melee: Rapier            |   140 |    67 ||   207
  Use: Scroll            |       |     1 ||     1
       Potion            |       |     1 ||     1
  Eat: Chunk             |     1 |     1 ||     2
Armor: Scale mail        |    60 |    22 ||    82
Dodge: Dodged            |    53 |    18 ||    71
Block: Shield            |    68 |    22 ||    90

Table legend:
 A = Non-vault XP
 B = Vault XP
 C = Vault XP percentage of total XP
 D = Non-vault monster count
 E = Vault monster count
 F = Vault count percentage of total count
                 A         B        C        D         E       F
            +---------+---------+-------+---------+---------+-------
      Total |     155 |      85 |  35.4 |      34 |      12 |  26.1
            +---------+---------+-------+---------+---------+-------
        D:1 |      21 |       0 |   0.0 |      11 |       0 |   0.0
        D:2 |     134 |      85 |  38.8 |      23 |      12 |  34.3
            +---------+---------+-------+---------+---------+-------
